Map: Dasan Station LE

Players

Nickos - Winner!

  • Race: Terran Terran
  • League: Gold

yellowskyray

  • Race: Zerg Zerg
  • League: Gold

VOD

Have the link to the VOD?

Description

Time

  • Played on: Oct. 1, 2016, 2:28 a.m.
  • Length: 12:57
Show
View Real Time Build Order
Export as new Build Order

Nickos Terran - Winner!

Build Orders: Reaper Expand, MMM Bio 

Get SALT Encoding   

  12  0:00  SCV  
  13  0:13  SCV  
  14  0:19  Supply Depot  
  14  0:25  SCV  
  15  0:41  SCV  
  15  0:42  Barracks  
  16  0:53  SCV  
  16  0:55  Refinery  
  17  1:05  SCV  
  18  1:17  SCV  
  19  1:32  Orbital Command  
  19  1:37  Reaper  
  20  1:49  Command Center  
  20  1:54  Barracks  
  20  1:58  SCV  
  21  2:09  Supply Depot  
  21  2:13  SCV  
  22  2:25  SCV  
  22  2:26  Barracks Reactor  
  24  2:37  SCV  
  24  2:49  Barracks Tech Lab, SCV  
  24  3:00  Factory  
  24  3:01  SCV  
  24  3:04  Refinery  
  24  3:05  Orbital Command  
  25  3:13  SCV  
  25  3:19  Marine x2  
  28  3:20  Marine  
  28  3:24  Stimpack  
  29  3:29  SCV  
  30  3:40  Marine x3  
  33  3:43  SCV x2  
  35  3:51  Supply Depot  
  35  3:52  Barracks  
  35  3:54  Starport  
  35  3:55  SCV x2  
  37  3:58  Marine x2  
  39  4:04  Marine  
  39  4:06  Factory Reactor  
  39  4:07  SCV x2  
  42  4:16  Supply Depot, Marine  
  43  4:19  SCV x2  
  45  4:27  Marine x2  
  46  4:31  SCV x2  
  46  4:33  Marine  
  46  4:37  Engineering Bay  
  49  4:40  Engineering Bay  
  49  4:43  Bunker, SCV x2  
  51  4:52  Marine x3  
  54  4:55  SCV x2  
  56  5:01  Medivac x2  
  56  5:02  Widow Mine  
  62  5:08  Refinery  
  62  5:10  Terran Infantry Weapons Level 1  
  62  5:15  Supply Depot  
  62  5:17  Marine  
  62  5:18  SCV x2  
  62  5:20  Supply Depot  
  65  5:25  Combat Shields  
  65  5:27  Marine  
  65  5:28  Marine  
  67  5:30  SCV x2  
  69  5:42  SCV  
  70  5:44  Medivac  
  70  5:45  Medivac  
  70  5:46  Marine x3  
  70  5:47  SCV  
  78  5:54  SCV  
  79  6:04  Marine x2  
  79  6:05  Liberator  
  81  6:16  Liberator  
  71  6:20  Marine  
  71  6:21  Marine  
  71  6:22  Marine  
  76  6:37  Barracks  
  76  6:38  Barracks x2, Marine  
  76  6:39  Marine, Barracks, SCV x2  
  78  6:51  SCV  
  79  6:58  Marine x2, Marauder  
  83  7:16  Liberator, Marine x2  
  85  7:28  Marauder  
  84  7:37  Barracks Tech Lab  
  84  7:38  Barracks Tech Lab x3  
  84  7:40  SCV x2  
  84  7:41  Terran Infantry Armor Level 1  
  86  7:54  Armory  
  86  8:03  Supply Depot  
  86  8:04  Supply Depot x2  
  86  8:08  Command Center  
  86  8:24  Marauder x4  
  86  8:25  SCV x2, Marauder, Marine  
  86  8:27  Supply Depot  
  99  8:33  Marine  
  98  8:37  SCV  
  99  8:42  Medivac  
  99  8:43  Marine  
  99  8:46  Marauder x4  
  99  8:47  Marauder  
  100  9:20  Marine  
  100  9:21  Marine  
  96  9:28  Marine  
  96  9:29  Marauder, Marine  
  96  9:30  Marauder x2  
  102  9:33  Supply Depot  
  102  9:44  Marine x2  
  104  9:46  Supply Depot  
  104  9:47  Marauder x2  
  104  9:48  Supply Depot  
  104  9:49  Supply Depot  
  104  9:50  Medivac  
  104  9:51  Marauder x2, Marine  
  115  9:55  SCV  
  115  9:56  SCV  
  117  10:02  Marine  
  118  10:07  Refinery  
  118  10:08  Marauder x2, SCV x2  
  118  10:09  Refinery, Marauder  
  118  10:12  Marauder  
  128  10:15  Marauder  
  128  10:16  Marine  
  128  10:19  Marine  
  132  10:30  Marauder x3  
  132  10:31  Terran Infantry Weapons Level 2  
  132  10:33  Marine x2  
  140  10:36  Marine  
  140  10:37  Marine  
  134  10:50  Marine  
  115  11:24  Supply Depot  
  114  11:26  Supply Depot  
  114  11:29  Supply Depot x2  
  114  11:47  Marine x2  
  114  11:48  Marauder  
  114  11:50  Medivac x2, Marine x2  
  114  11:51  Marauder x2  
  128  12:05  Marine x2  
  134  12:08  Marauder x2  
  134  12:12  Marine x2  
  134  12:14  Marauder  
  132  12:20  Medivac  
  117  12:23  Marine  
  117  12:27  Marine  
  114  12:30  Marauder x4  
  114  12:35  Marauder  
Show
View Real Time Build Order
Export as new Build Order

yellowskyray Zerg 

Build Orders: Hatch First 

Get SALT Encoding   

  12  0:01  Drone  
  13  0:23  Overlord x2  
  13  0:26  Drone  
  14  0:41  Drone  
  15  0:45  Drone  
  16  0:59  Drone  
  16  1:01  Hatchery  
  16  1:06  Drone  
  17  1:11  Extractor  
  17  1:17  Drone  
  17  1:27  Spawning Pool  
  17  1:28  Drone  
  17  1:39  Drone  
  18  1:49  Drone  
  19  2:00  Overlord  
  19  2:14  Queen, Metabolic Boost  
  19  2:15  Queen  
  21  2:17  Zergling x4  
  26  2:22  Drone  
  26  2:25  Drone  
  27  2:56  Drone  
  27  2:57  Drone x5  
  32  3:06  Queen  
  32  3:08  Queen  
  32  3:10  Drone x2  
  38  3:27  Drone  
  38  3:29  Drone x2  
  38  3:30  Drone, Overlord x2  
  38  3:32  Overlord  
  41  3:37  Overlord  
  41  4:04  Roach Warren  
  41  4:05  Evolution Chamber x2  
  41  4:06  Lair  
  41  4:08  Drone  
  41  4:09  Drone x5  
  44  4:10  Drone  
  44  4:14  Extractor  
  44  4:15  Extractor  
  44  4:16  Drone, Extractor  
  43  4:17  Drone  
  43  4:19  Drone  
  43  4:22  Drone  
  46  4:38  Drone  
  46  4:39  Drone x2  
  46  4:40  Drone x3  
  46  4:41  Drone  
  46  4:43  Overlord  
  53  4:50  Zerg Melee Weapons Level 1, Zerg Ground Armor Level 1  
  53  5:01  Queen  
  53  5:05  Roach  
  53  5:06  Roach x4  
  65  5:08  Glial Reconstitution  
  65  5:19  Spore Crawler  
  65  5:20  Spore Crawler  
  63  5:46  Roach x7  
  63  5:47  Roach x2  
  63  5:49  Hatchery  
  80  5:51  Drone x2  
  75  6:41  Queen  
  75  6:44  Roach x3  
  83  6:57  Overlord x2  
  83  6:58  Overlord x5  
  83  6:59  Zerg Melee Weapons Level 2  
  83  7:00  Zerg Ground Armor Level 2  
  83  7:09  Overseer x3  
  83  7:17  Pneumatized Carapace  
  78  7:41  Zergling x22  
  89  8:05  Drone  
  89  8:06  Drone x8  
  98  8:13  Ravager x5  
  98  8:15  Ravager x3  
  103  8:35  Spore Crawler  
  103  8:37  Spine Crawler  
  103  8:38  Zergling x16, Spine Crawler  
  103  8:39  Zergling x6  
  111  9:00  Nydus Network  
  87  9:31  Drone x2  
  87  9:32  Drone x6  
  87  9:33  Drone x3  
  98  9:52  Infestation Pit  
  98  9:53  Spire  
  96  10:04  Nydus Canal  
  96  10:07  Zergling x8  
  96  10:08  Zergling x22  
  96  10:13  Overseer  
  111  10:30  Drone x2  
  111  10:31  Drone  
  113  10:50  Zergling x2  
  113  10:51  Zergling x14  
  105  11:07  Roach  
  105  11:08  Roach x4  
  85  11:32  Zergling x4  
  87  11:33  Zergling x8  
  87  11:39  Zergling x6  
  94  11:53  Zergling x6, Roach  
  94  11:54  Zergling x16  
  107  11:56  Baneling Nest  
  107  11:57  Ravager x2  
  107  11:58  Ravager x2  
  98  12:16  Zergling x2  
  98  12:22  Zergling x2  
  90  12:23  Zergling x8  
Tags
 
Add a new tag
Caveats
  • Supply blocks, unpowered buildings, or Contaminate may cause inaccurate times.
  • Supply counts are checked every 10 seconds.